 Dungeon Crawl Stone Soup version 0.26-a0-651-gb41185065b (console) character file.

Game seed: 9515561194599554370

62405 jejorda2 the Marksminotaur (level 14, -10/115 (116) HPs)
             Began as a Minotaur Berserker on Sept 30, 2020.
             Was the Champion of Trog.
             Mangled by an orc knight
             ... wielding a +2 great mace of pain
              (39 damage)
             ... on level 2 of the Orcish Mines.
             The game lasted 01:12:18 (24370 turns).

jejorda2 the Marksminotaur (Minotaur Berserker)    Turns: 24370, Time: 01:12:19

HP:   -10/115 (116) AC: 21    Str: 25    XL:     14   Next: 64%
MP:   13/13         EV: 10    Int:  3    God:    Trog [******]
Gold: 1685          SH:  0    Dex: 20    Spells: 13/13 levels left

rFire    + . .     SeeInvis .   a - +1 double sword (elec)
rCold    + + .     Faith    +   (no shield)
rNeg     + . .     Spirit   .   Q - +2 chain mail {rF+}
rPois    +         Reflect  .   A - +0 hat of the Echidna {rC++}
rElec    .         Harm     .   B - +2 ratskin cloak {*Rats rPois rN+ Str-1 Int-1 Dex+1}
rCorr    .         Rampage  .   p - +2 pair of gloves
MR       ++...                  y - +0 pair of boots "Astrevigo" {Dex+2}
Stlth    ..........             J - amulet of faith
HPRegen  0.29/turn              D - +6 ring of dexterity
MPRegen  0.13/turn              m - ring of protection from magic

@: no status effects
A: retaliatory headbutt, horns 2
a: Berserk, Trog's Hand, Brothers in Arms, Renounce Religion


You were on level 2 of the Orcish Mines.
You worshipped Trog.
Trog was exalted by your worship.
You visited 4 branches of the dungeon, and saw 20 of its levels.
You also visited: Volcano.

You collected 2465 gold pieces.
You spent 780 gold pieces at shops.

Inventory:

Hand Weapons
 a - a +1 double sword of electrocution (weapon)
 b - a +3 longbow of flaming
 L - a +3 vorpal great sword
Missiles
 e - a throwing net (quivered) {!f}
 i - 382 arrows
 n - 225 bolts
 F - 2 boomerangs of dispersal
Armour
 p - a +2 pair of gloves (worn)
 y - the +0 pair of boots "Astrevigo" (worn) {Dex+2}
   (You found it on level 1 of the Lair of Beasts)

   It affects your dexterity (+2).
 A - the +0 hat of the Echidna (worn) {rC++}
   (You found it on level 5 of the Dungeon)

   It greatly protects you from cold.
 B - the +2 ratskin cloak (worn) {*Rats rPois rN+ Str-1 Int-1 Dex+1}
   (You found it on level 5 of the Dungeon)

   It affects your strength (-1).
   It affects your intelligence (-1).
   It affects your dexterity (+1).
   It protects you from poison.
   It protects you from negative energy.
 Q - a +2 chain mail of fire resistance (worn)
Jewellery
 m - a ring of protection from magic (right hand)
 D - a +6 ring of dexterity (left hand)
 G - an uncursed ring of flight
 J - an amulet of faith (around neck)
 P - an uncursed amulet of the acrobat
 S - an uncursed ring of positive energy
Wands
 d - a wand of flame (49)
 t - a wand of iceblast (29)
 C - a wand of paralysis (20)
 H - a wand of polymorph (18)
 T - a wand of digging (3)
 U - a wand of random effects (13)
 W - a wand of disintegration (5)
Scrolls
 f - 4 scrolls of magic mapping
 g - 5 scrolls of enchant armour
 h - 7 scrolls of teleportation
 k - 3 scrolls of immolation
 q - a scroll of fog
 s - 9 scrolls of remove curse
 u - a scroll of enchant weapon
 w - 3 scrolls of blinking
 I - a scroll of fear
 O - 7 scrolls of identify
Potions
 c - 12 potions of curing
 j - 3 potions of stabbing
 l - 2 potions of resistance
 o - 5 potions of flight
 r - 3 potions of berserk rage
 v - 2 potions of invisibility
 x - 2 potions of heal wounds
 z - 10 potions of ambrosia
 E - a potion of mutation
 M - a potion of lignification
 N - 2 potions of haste
 R - a potion of might
Miscellaneous
 K - a tin of tremorstones (3/3)
 V - a phial of floods


   Skills:
 + Level 8.6 Fighting
 - Level 16.3 Long Blades
 * Level 19.6 Bows
 + Level 8.6 Armour
 - Level 2.8 Dodging
 - Level 1.0 Stealth
 - Level 3.0 Evocations


You had 13 spell levels left.
You didn't know any spells.
Your spell library was empty.

Dungeon Overview and Level Annotations

Branches:
Dungeon (11/15)            Temple (1/1) D:4            Lair (6/6) D:10
 Shoals (0/4) Lair:3        Snake (0/4) Lair:2        Slime (0/5) Lair:5
    Orc (2/2) D:10            Elf (0/3) Orc:2       Volcano (visited)

Altars:
Dithmenos
Gozag
Makhleb
Nemelex Xobeh
Okawaru
Sif Muna
Trog
Uskayaw
Wu Jian
Xom
Yredelemnul
The Shining One
Jiyva

Shops:
D:4 (   D:5 =   D:9 [   D:10 }*[   D:11 :   Orc:1 =

Annotations:
Lair:1 exclusion: 4 oklob plants


Innate Abilities, Weirdness & Mutations

You reflexively headbutt those who attack you in melee.
You have a pair of horns on your head.


Message History

The orc knight hits you with a +0 glaive!!
You hit the orc knight but do no damage.
The orc knight is almost dead.
You slash the orc knight! You headbutt the orc knight.
You kill the orc knight!
Trog accepts your kill.
The orc knight roars a battlecry!
The orc warrior goes into a battle-frenzy!
You closely miss the orc knight.
You headbutt the orc knight, but do no damage.
The orc knight hits you with a +2 great mace of pain!!
* * * LOW HITPOINT WARNING * * *
You writhe in agony.
* * * LOW HITPOINT WARNING * * *
You hit the orc knight.
The orc knight is lightly wounded.
You barely miss the orc knight. Your headbutt misses the orc knight.
The orc knight is lightly wounded.
The orc knight hits you with a +2 great mace of pain!!!
You die...

#.....)## ###
#.### ##.#....##
### ####....#
###.##
######.######
#...........###
...####.####...##
#)# ###..## #@#
##..# #o# ##)#
#o# #)# ... ))#
..... .(##
....... #(.
......... (..
#.........##..
.##.....##...#


You could see an orc knight (strong) and an orc warrior (strong).

Vanquished Creatures
  Gastronok (Lair:3)
  2 stone giants
  The ghost of Bukhlaj the Cleaver, a journeyman HOFi of Beogh (Lair:1)
  Snorg (Lair:3)
  2 hydras
  A catoblepas (Lair:5)
  3 orc high priests (Orc:2)
  Urug (Lair:1)
  A two-headed ogre (D:10)
  3 death yaks (Lair:4)
  A hell knight (Volcano)
  3 orc knights
  3 ugly things
  An oklob plant (Lair:4)
  5 orc sorcerers
  2 black mambas
  A smoke demon (Volcano)
  An elephant (Lair:6)
  12 cane toads
  2 molten gargoyles (Volcano)
  Maggie (D:10)
  5 komodo dragons
  A troll (Orc:1)
  3 meliai (Lair:4)
  A queen bee (Lair:1)
  3 polar bears
  9 hornets
  7 blink frogs
  11 hippogriffs
  6 dream sheep (Lair:6)
  2 wyverns
  A wraith (D:11)
  A shadow (D:11)
  15 spriggans (Lair:6)
  32 yaks
  3 basilisks
  2 fire bats (Volcano)
  Menkaure (D:7)
  A warg (Orc:1)
  21 water moccasins
  7 porcupines
  Duvessa (D:7)
  27 orc warriors
  3 hell hounds (Volcano)
  3 ice beasts
  6 black bears
  A sky beast (D:9)
  An eye of draining (D:7)
  3 necrophages
  2 phantoms
  5 centaurs
  15 ogres
  4 boggarts (Lair:6)
  23 wolves
  10 crocodiles
  A big kobold (D:11)
  10 bullfrogs
  Dowan (D:7)
  A wyvern skeleton (D:11)
  5 scorpions
  26 killer bees
  5 wights (D:10)
  A bullfrog zombie (D:8)
  A howler monkey (D:11)
  7 lava snakes (Volcano)
  Crazy Yiuf (D:7)
  16 orc priests
  6 hounds
  3 jellies
  26 orc wizards
  A bullfrog skeleton (D:7)
  2 iguanas
  A hell rat (D:5)
  10 worker ants
  A killer bee zombie (D:9)
  2 hound zombies
  A howler monkey skeleton (D:4)
  2 worker ant zombies
  18 adders
  6 river rats (D:5)
  3 white imps
  2 oozes
  An adder skeleton (D:9)
  2 worms (D:3)
  2 dart slugs
  9 leopard geckos
  67 orcs
  8 bats
  2 giant cockroaches
  2 goblins
  4 hobgoblins
  9 jackals
  7 quokkas
  2 ball pythons
  3 frilled lizards
  A jackal skeleton (D:5)
  9 kobolds
  A quokka zombie (D:5)
  18 rats
  A spectral orc (D:4)
591 creatures vanquished.

Vanquished Creatures (collateral kills)
  3 hydras
  A death knight (D:11)
  A skeletal warrior (D:11)
  2 elephants (Lair:6)
  3 cane toads
  A black mamba (Lair:6)
  A freezing wraith (D:11)
  A queen bee (Lair:4)
  A wraith (D:11)
  A wyvern (Lair:6)
  6 yaks (Lair:6)
  5 water moccasins
  An orc warrior (D:8)
  A crocodile (D:10)
  A wolf (Lair:6)
  3 killer bees
  A white imp (D:8)
33 creatures vanquished.

Vanquished Creatures (others)
  3 bushes
  43 fungi
  93 plants
139 creatures vanquished.

Grand Total: 763 creatures vanquished

Notes
Turn   | Place    | Note
-------+----------+-------------------------------------------
     0 | D:1      | jejorda2 the Minotaur Berserker began the quest for the
                  | Orb.
     0 | D:1      | Reached XP level 1. HP: 19/19 MP: 0/0
   271 | D:1      | Reached XP level 2. HP: 27/27 MP: 1/1
  1214 | D:2      | Reached XP level 3. HP: 33/33 MP: 2/2
  1216 | D:2      | Reached ** piety under Trog
  1746 | D:3      | Found a faded altar of an unknown god.
  1765 | D:3      | Reached skill level 5 in Long Blades
  1765 | D:3      | Reached XP level 4. HP: 39/41 MP: 3/3
  2269 | D:3      | Reached XP level 5. HP: 47/47 MP: 4/4
  2528 | D:3      | Found an opulent altar of Gozag.
  2748 | D:4      | Noticed an ogre
  2758 | D:4      | Killed an ogre
  2758 | D:4      | Reached skill level 5 in Fighting
  2758 | D:4      | Reached XP level 6. HP: 16/56 MP: 5/5
  3077 | D:4      | Found a staircase to the Ecumenical Temple.
  3091 | Temple   | Entered the Ecumenical Temple
  3216 | D:4      | Found Enufegu's Weapon Emporium.
  3310 | D:4      | Found a basalt altar of Yredelemnul.
  3356 | D:5      | Entered Level 5 of the Dungeon
  3381 | D:5      | Found Popuf's Jewellery Emporium.
  3386 | D:5      | Bought a cursed ring of teleportation for 58 gold pieces
  3597 | D:5      | Reached XP level 7. HP: 53/61 MP: 6/6
  3682 | D:5      | Reached *** piety under Trog
  3773 | D:5      | Got a polished hat
  3778 | D:5      | Identified the +0 hat of the Echidna {rC++} (You found it
                  | on level 5 of the Dungeon)
  4644 | D:5      | Found the +2 ratskin cloak {*Rats rPois rN+ Str-1 Int-1
                  | Dex+1}
  5169 | D:6      | Reached skill level 5 in Armour
  5169 | D:6      | Reached XP level 8. HP: 68/69 MP: 7/7
  5202 | D:6      | Reached skill level 10 in Long Blades
  5940 | D:6      | Found a sparkling altar of Nemelex Xobeh.
  5959 | D:7      | Noticed Duvessa
  5959 | D:7      | Noticed Dowan
  5993 | D:7      | Killed Duvessa
  5999 | D:7      | Killed Dowan
  6276 | D:7      | Found a runed translucent door.
  6277 | D:7      | Noticed Crazy Yiuf
  6282 | D:7      | Killed Crazy Yiuf
  6313 | D:7      | Reached **** piety under Trog
  6313 | D:7      | Reached skill level 1 in Stealth
  6313 | D:7      | Reached XP level 9. HP: 74/74 MP: 8/8
  6633 | D:7      | Paralysed by a hornet for 1 turns
  6859 | D:7      | Noticed Menkaure
  6868 | D:7      | Killed Menkaure
  7218 | D:7      | Found a glowing golden altar of the Shining One.
  7748 | D:8      | Reached skill level 1 in Evocations
  7839 | D:8      | Found an ornate altar of the Wu Jian Council.
  7904 | D:8      | Found an iron altar of Okawaru.
  7971 | D:8      | Reached skill level 1 in Bows
  8020 | D:8      | Found a hide-covered altar of Uskayaw.
  8140 | D:8      | Got an ichor-stained quarterstaff
  8140 | D:8      | Identified the +4 quarterstaff "Vijoseit" {antimagic,
                  | Int+2} (You found it on level 8 of the Dungeon)
  8515 | D:7      | Got a masterwork flail
  8515 | D:7      | Identified the +4 flail of the Smoking Wasp {flame, Int+4}
                  | (You found it on level 7 of the Dungeon)
  8610 | D:9      | Found Duicya's Armour Boutique.
  8635 | D:9      | Reached skill level 2 in Bows
  8750 | D:5      | Bought an uncursed amulet of faith for 520 gold pieces
  8841 | D:9      | Identified the Handbook of Snow and Transmigration
  8964 | D:9      | Found a burning altar of Makhleb.
  8964 | D:9      | Noticed a blizzard demon
  9144 | D:9      | Reached XP level 10. HP: 81/83 MP: 9/9
  9301 | D:9      | Found a shimmering blue altar of Sif Muna.
  9302 | D:9      | Found a shimmering altar of Xom.
  9302 | D:9      | Found a bloodstained altar of Trog.
  9304 | D:9      | You fall into a shaft and drop 2 floors!
  9334 | D:11     | Noticed a cyan ugly thing
  9344 | D:11     | Killed a cyan ugly thing
  9344 | D:11     | Reached ***** piety under Trog
  9344 | D:11     | Reached skill level 3 in Bows
  9353 | D:11     | Noticed a skeletal warrior
  9359 | D:11     | Noticed a death knight
  9360 | D:11     | Killed a skeletal warrior
  9369 | D:11     | Reached skill level 4 in Bows
  9377 | D:11     | Killed a death knight
  9530 | D:11     | Reached skill level 5 in Bows
  9682 | D:11     | Noticed a white ugly thing
  9692 | D:11     | Killed a white ugly thing
  9843 | D:11     | Noticed a six-headed hydra
  9851 | D:11     | Killed a six-headed hydra
  9851 | D:11     | Reached skill level 6 in Bows
  9895 | D:11     | Reached skill level 7 in Bows
 10359 | D:11     | Reached skill level 8 in Bows
 10359 | D:11     | Reached XP level 11. HP: 85/93 MP: 10/10
 10666 | D:11     | Found Ruij's Book Boutique.
 10786 | D:10     | Entered Level 10 of the Dungeon
 10996 | D:10     | Found a shadowy altar of Dithmenos.
 11196 | D:10     | Found a staircase to the Lair.
 11233 | D:10     | Reached skill level 9 in Bows
 11663 | D:10     | Found Ilolaosk's Assorted Antiques.
 11702 | D:10     | Noticed Maggie
 11712 | D:10     | Killed Maggie
 11712 | D:10     | Reached skill level 10 in Bows
 11775 | D:10     | Found Hugiar's Gadget Shoppe.
 11777 | D:10     | Noticed a two-headed ogre
 11789 | D:10     | Killed a two-headed ogre
 12247 | D:10     | Found a staircase to the Orcish Mines.
 12390 | D:10     | Reached skill level 11 in Bows
 12706 | D:10     | Found Gaobluk's Antique Armour Emporium.
 12929 | Lair:1   | Entered Level 1 of the Lair of Beasts
 12948 | Lair:1   | Noticed Bukhlaj's ghost (journeyman HOFi)
 12970 | Lair:1   | Found a dark tunnel.
 12979 | Volcano  | Entered a volcano
 13042 | Volcano  | Received a gift from Trog
 13363 | Volcano  | Found a burning altar of Makhleb.
 13370 | Volcano  | Noticed a hell knight
 13377 | Volcano  | Killed a hell knight
 13386 | Volcano  | Noticed a red ugly thing
 13397 | Volcano  | Killed a red ugly thing
 13397 | Volcano  | Reached skill level 12 in Bows
 13834 | D:10     | Bought a pair of runed gloves for 202 gold pieces
 13893 | Lair:1   | Found a transporter.
 13895 | Lair:1   | Found a transporter.
 13918 | Lair:1   | Reached skill level 15 in Long Blades
 13918 | Lair:1   | Reached XP level 12. HP: 95/100 MP: 11/11
 14179 | Lair:1   | Noticed Urug
 14196 | Lair:1   | Killed Urug
 15296 | Lair:1   | Killed Bukhlaj's ghost
 15305 | Lair:1   | Got a pair of faintly glowing boots
 15310 | Lair:1   | Identified the cursed +0 pair of boots "Astrevigo" {Dex+2}
                  | (You found it on level 1 of the Lair of Beasts)
 15339 | Lair:1   | Identified a scroll of acquirement
 15339 | Lair:1   | Acquired a +1 double sword of electrocution
 15386 | Lair:2   | Reached skill level 13 in Bows
 15444 | Lair:2   | Found a staircase to the Snake Pit.
 15588 | Lair:2   | Noticed a seven-headed hydra
 15592 | Lair:2   | Killed a seven-headed hydra
 15618 | Lair:2   | Reached skill level 14 in Bows
 15692 | Lair:2   | Received a gift from Trog
 16528 | Lair:3   | Found a staircase to the Shoals.
 16547 | Lair:3   | Noticed Snorg
 16556 | Lair:3   | Killed Snorg
 16556 | Lair:3   | Reached XP level 13. HP: 88/106 MP: 12/12
 16586 | Lair:3   | Noticed Gastronok
 16607 | Lair:3   | Killed Gastronok
 16607 | Lair:3   | Reached skill level 15 in Bows
 17827 | Lair:4   | Reached skill level 16 in Bows
 18360 | Lair:4   | Received a gift from Trog
 19155 | Lair:5   | Found a viscous altar of Jiyva.
 19156 | Lair:5   | Found a staircase to the Slime Pits.
 19519 | Lair:5   | Reached skill level 17 in Bows
 19705 | Lair:6   | Entered Level 6 of the Lair of Beasts
 20312 | Lair:6   | Received a gift from Trog
 20392 | Lair:6   | Reached skill level 18 in Bows
 20418 | Lair:6   | Reached XP level 14. HP: 48/114 MP: 13/13
 22115 | Orc:1    | Entered Level 1 of the Orcish Mines
 22149 | Orc:1    | Found Puoho Luna's Jewellery Shoppe.
 22229 | Orc:1    | Noticed a stone giant
 22230 | Orc:1    | Reached ****** piety under Trog
 22242 | Orc:1    | Killed a stone giant
 22242 | Orc:1    | Received a gift from Trog
 22242 | Orc:1    | Reached skill level 19 in Bows
 22736 | Orc:2    | Entered Level 2 of the Orcish Mines
 22741 | Orc:2    | Noticed a stone giant
 23125 | Orc:2    | Killed a stone giant
 23292 | Orc:2    | Found a staircase to the Elven Halls.
 24058 | Orc:2    | Paralysed by an orc sorcerer for 6 turns
 24348 | Orc:2    | Received a gift from Trog
 24370 | Orc:2    | Mangled by an orc knight

Illustrated notes

Levels and vault maps discovered:
D:1:      elethiomel_arrival_infinity_welcomes_careful_drivers,
          layout_loops_cross, st_stairs_4
D:2:      layout_loops_corners
D:3:      layout_rooms, grunt_gozag_breadcrumbs,
          chequers_ecumenical_altar_island
D:4:      layout_rooms, yredelemnul_forgotten_temple_becter,
          minmay_temple_entry_grid, serial_shops, nicolae_shop_waterfront
D:5:      wander_guarded_unrand_ratskin, layout_layer_cave, serial_shops,
          shop_fountains
D:6:      layout_gridville, nemelex_dance_club_becter
D:7:      minmay_clustersquares, layout_layer_cave,
          nicolae_tso_carved_into_rock, uniq_menkaure, uniq_crazy_yiuf_cottage,
          uniq_duvessa
D:8:      layout_loops_ring, eat_drink_and_be_merry_uskayaw, lemuel_round_altar,
          okawaru_ov_weapons_minmay, minmay_misc_feat_roman
D:9:      layout_basic, chequers_temple_overflow_statue_of_worship,
          serial_shops, shop, makhleb_altar_promises_db
D:10:     layout_long_grid, minmay_lair_entry_grove, david_orc_4, serial_shops,
          shop, shop_fountains, nicolae_shop_waterfront,
          nicolae_dithmenos_the_darkroom, uniq_maggie
D:11:     layout_grid_maze, serial_shops, shop_statue
Temple:   nicolae_temple_god_jail
Lair:1:   layout_small_grid, gammafunk_ghost_hive,
          nicolae_volcano_entry_two_sided, minmay_lair_oklob_chamber,
          grunt_megastairs_2, uniq_urug
Lair:2:   layout_misc_corridors, minmay_snake_entry_six_corridors,
          small_statue_intersection
Lair:3:   layout_cave_pods, minmay_shoals_entry_centaurs, lemuel_fruit_tree,
          uniq_snorg, uniq_gastronok
Lair:4:   layout_cave_pods, special_room [special_room_bee]
Lair:5:   layout_loops_ring, slime_altar_1
Lair:6:   minmay_lair_end_enchanted_forest, layout_regular_city,
          patterned_corridor
Orc:1:    minmay_goldmine, layout_diamond_mine, minmay_shop_enchanted_jewellery
Orc:2:    st_orc_elflike, layout_diamond_mine

Skill      XL: |  1  2  3  4  5  6  7  8  9 10 11 12 13 14 |
---------------+-------------------------------------------+-----
Long Blades    | 4 5 6 8 9 12 14 15 16 | 16.3
Fighting       | 4 5 6 8 |  8.6
Armour         | 3 5 6 8 |  8.6
Stealth        | 1 |  1.0
Evocations     | 2 3 |  3.0
Bows           | 2 8 12 14 18 19 | 19.6
Dodging        | |  2.8

Action                   |  1- 3 |  4- 6 |  7- 9 | 10-12 | 13-15 || total
-------------------------+-------+-------+-------+-------+-------++-------
Melee: Falchion          |    42 |    94 |   129 |       |       ||   265
       Headbutt          |     5 |    21 |    90 |   150 |   132 ||   398
       Scimitar          |       |       |   203 |   278 |       ||   481
       Great sword       |       |       |       |   102 |       ||   102
       Double sword      |       |       |       |   105 |   483 ||   588
 Fire: Shortbow          |       |       |       |    32 |       ||    32
       Longbow           |       |       |       |    26 |   136 ||   162
Invok: Berserk           |       |       |     3 |     5 |       ||     8
       Trog's Hand       |       |       |     1 |     4 |     1 ||     6
       Brothers in Arms  |       |       |       |     3 |     1 ||     4
Evoke: Tin of tremorston |       |       |       |     2 |       ||     2
       Wand              |       |       |       |       |     1 ||     1
  Use: Scroll            |     1 |     6 |    15 |     9 |     1 ||    32
       Potion            |       |       |       |     2 |       ||     2
 Stab: Distracted        |       |       |     1 |     2 |       ||     3
Armor: Animal skin       |    11 |       |       |       |       ||    11
       Chain mail        |     2 |    41 |       |    99 |   241 ||   383
       Plate armour      |       |    10 |   125 |   144 |       ||   279
Dodge: Dodged            |    38 |    41 |   106 |   167 |   204 ||   556
       Rpst.: Falchion   |     9 |    10 |     9 |       |       ||    28
       Scimitar          |       |       |    24 |    12 |       ||    36
       Great sword       |       |       |       |    13 |       ||    13
       Double sword      |       |       |       |    16 |    44 ||    60

Table legend: (Time is in decaauts)
 A = Elapsed time spent in this place.
 B = Non-inter-level travel time spent in this place.
 C = Inter-level travel time spent in this place.
 D = Time resting spent in this place.
 E = Time spent auto-exploring this place.
 F = Levels seen in this place.
 G = Mean time per level.
                   A        B        C        D        E       F      G
               +--------+--------+--------+--------+--------+-----+--------+
         Total |  24033 |  22721 |   1312 |    626 |  18584 |  21 | 1144.4 |
       Dungeon |  12957 |  12119 |    838 |    236 |  10166 |  11 | 1177.9 |
        Temple |     12 |     11 |      1 |      0 |      0 |   1 |   12.0 |
          Lair |   8086 |   7714 |    372 |     69 |   6552 |   6 | 1347.7 |
  Orcish Mines |   2194 |   2095 |     99 |     53 |   1654 |   2 | 1097.0 |
       Volcano |    782 |    782 |      0 |    267 |    212 |   1 |  782.0 |
               +--------+--------+--------+--------+--------+-----+--------+

Top non-repeatable levels by time:
  Lair:6: 2122 daAuts
    D:10: 2059 daAuts
  Lair:4: 1777 daAuts
     D:7: 1654 daAuts
  Lair:1: 1641 daAuts
     D:5: 1626 daAuts
   Orc:1: 1484 daAuts
    D:11: 1445 daAuts
     D:2: 1142 daAuts
  Lair:3: 1132 daAuts
     D:6: 1077 daAuts
     D:3: 973 daAuts
     D:8: 947 daAuts
  Lair:2: 847 daAuts
     D:9: 790 daAuts
